 Dungeon Crawl Stone Soup version 0.28.0-53-g5a82cb258f (webtiles) character file.

Game seed: 2682663177831156710

843 buhh the Changer (level 8, -1/55 HPs)
             Began as an Octopode Transmuter on June 20, 2022.
             Slain by an orc wizard
             ... wielding a +0 dagger
              (2 damage)
             ... on level 5 of the Dungeon.
             The game lasted 00:10:10 (6845 turns).

buhh the Changer (Octopode Transmuter)              Turns: 6845, Time: 00:10:11

Health: -1/55      AC:  1    Str:  9    XL:     8   Next: 0%
Magic:  10/11      EV: 13    Int: 15    God:
Gold:   147        SH:  0    Dex: 13    Spells: 5/11 levels left

rFire   . . .      SeeInvis .     - Unarmed
rCold   . . .      Faith    .   (no shield)
rNeg    . . .      Spirit   .   (helmet currently unavailable)
rPois   .          Reflect  .   (no amulet)
rElec   .          Harm     .   (no ring)
rCorr   .          Rampage  .   (no ring)
Will    .....                   (no ring)
Stlth   +++.......              (no ring)
HPRegen 0.18/turn               (no ring)
MPRegen 0.12/turn               (no ring)
                                (no ring)
                                (no ring)

@: appendages, attractive
A: tentacle spike 3, almost no armour, amphibious, 8 rings, camouflage 1,
gelatinous body 1, (nimble swimmer 1), tentacles, antennae 1, dopey 1
a: End Transformation


You were on level 5 of the Dungeon.
One of your tentacles had grown a beastly spike.
You visited 1 branch of the dungeon, and saw 5 of its levels.

You collected 147 gold pieces.

Inventory:

Missiles
 a - 15 poisoned darts
 d - a throwing net {!f}
Jewellery
 m - a ring of poison resistance
Wands
 f - a wand of flame (7)
 r - a wand of mindburst (7)
Scrolls
 b - a scroll of noise
 c - a scroll of vulnerability {unknown}
 i - 3 scrolls of identify {unknown}
 n - a scroll of teleportation {unknown}
 p - a scroll of fog {unknown}
 q - a scroll of torment {unknown}


   Skills:
 - Level 5.0 Fighting
 - Level 1.0 Throwing
 - Level 2.0 Dodging
 - Level 1.0 Stealth
 - Level 3.0 Unarmed Combat
 - Level 2.0 Spellcasting
 * Level 6.6 Transmutations
 * Level 1.8 Ice Magic
 - Level 1.0 Poison Magic
 * Level 0.7 Evocations


You had 5 spell levels left.
You knew the following spells:

 Your Spells              Type           Power      Damage    Failure   Level
a - Beastly Appendage     Tmut           42%        N/A       1%          1
b - Wereblood             Tmut           21%        N/A       2%          2
c - Spider Form           Tmut/Pois      13%        N/A       14%         3

Your spell library contained the following spells:

 Spells                   Type           Power      Damage    Failure   Level
 Ice Form                 Ice/Tmut       14%        N/A       36%         4
 Blade Hands              Tmut           10%        N/A       36%         5
 Iron Shot                Conj/Erth      0%         9d1       100%        6
 Animate Armour           Summ/Erth      Unusable   N/A       N/A         4

Dungeon Overview and Level Annotations

Branches:
Dungeon (5/15)
 Temple: D:4-7

Altars:
Dithmenos
Nemelex Xobeh

Annotations:
D:3 Grinder
D:4 Dowan, Duvessa


Innate Abilities, Weirdness & Mutations

One of your tentacles has grown a beastly spike.
You cannot wear most types of armour.
You are amphibious.
You can wear up to eight rings at the same time.
Your skin changes colour to match your surroundings (Stealth+).
Your rubbery body absorbs attacks. (AC +1, EV +1)
((You are camouflaged when in or above water. (Stealth+)))
You have tentacles for arms and can constrict up to eight enemies at once.
You have a pair of small antennae on your head.
You are dopey. (Int -2)


Message History

You feel stupid. A pair of antennae grows on your head!
Something hits you but does no damage.
It was a potion of haste.
You feel yourself speed up. Something hits you.
* * * LOW HITPOINT WARNING * * *
It was a potion of magic.
Magic courses through your body. Something hits you but does no damage.
It was a potion of ambrosia.
You are confused.
You feel invigorated. Something hits you but does no damage.
It was a potion of cancellation.
Your magical effects are unravelling.
You feel magically purged.
You feel less wooden.
You feel less invigorated.
You feel yourself slow down.
You feel less confused.
You barely miss something. Your squeeze misses something. Something hits you.
* * * LOW HITPOINT WARNING * * *
It was a potion of attraction.
You feel attractive to monsters. Something hits you.
* * * LOW HITPOINT WARNING * * *
Casting: Beastly Appendage (safe; 1% risk of failure)
Press: ? - help, Q - select action, (/) - cycle Dir - look around, f - activate One of your tentacles grows a vicious spike.
You hear some strange, mumbled words.
A magic dart appears from out of thin air!
The magic dart hits you.
* * * LOW HITPOINT WARNING * * *
You tentacle-slap something.
Your tentacle spike misses something.
Something barely misses you.
You tentacle-slap something.
Your tentacle spike misses something.
Your tentacle-slap misses something.
Your squeeze misses something. Something barely misses you.
You tentacle-slap something.
Your tentacle spike misses something.
Something hits you.
* * * LOW HITPOINT WARNING * * *
You tentacle-slap something.
Your tentacle spike misses something.
Something hits you.
You die...

#....#
#.#....#
#{#....#####
#o#........#
#o#....###.#
#o#...## #.#
#.#...# #.#
#.########.#
#.{@.......#
############


There were no monsters in sight!

Vanquished Creatures
  An ogre (D:5)
  2 scorpions
  A jelly (D:5)
  A centaur zombie (D:5)
  A bullfrog skeleton (D:5)
  6 orc priests
  2 gnoll shamans
  Jessica (D:3)
  An iguana (D:5)
  3 orc wizards
  Robin (D:3)
  5 gnolls
  4 adders
  4 adder skeletons (D:4)
  A worm (D:2)
  A dart slug (D:3)
  7 orcs
  3 endoplasms
  4 giant cockroaches
  15 goblins
  8 hobgoblins
  2 jackals (D:2)
  10 kobolds
  4 quokkas
  6 ball pythons
  6 bats
  2 rats (D:1)
102 creatures vanquished.

Notes
Turn   | Place    | Note
-------+----------+-------------------------------------------
     0 | D:1      | buhh the Octopode Transmuter began the quest for the Orb.
     0 | D:1      | Reached XP level 1. HP: 13/13 MP: 3/3
   417 | D:1      | Reached XP level 2. HP: 14/19 MP: 3/5
  1059 | D:1      | Reached XP level 3. HP: 25/25 MP: 4/6
  1382 | D:2      | Found a sparkling altar of Nemelex Xobeh.
  2296 | D:2      | Reached XP level 4. HP: 25/31 MP: 5/7
  2646 | D:3      | Noticed Grinder
  2850 | D:3      | Noticed Jessica
  2856 | D:3      | Killed Jessica
  2871 | D:3      | Noticed Robin
  2898 | D:2      | Learned a level 2 spell: Wereblood
  2902 | D:2      | Learned a level 3 spell: Spider Form
  3285 | D:3      | Killed Robin
  3639 | D:4      | Reached XP level 5. HP: 38/38 MP: 6/8
  3645 | D:4      | Noticed Dowan
  3646 | D:4      | Noticed Duvessa
  3893 | D:4      | Found a shadowy altar of Dithmenos.
  4565 | D:4      | Reached skill level 3 in Transmutations
  4565 | D:4      | Reached XP level 6. HP: 26/45 MP: 7/9
  4740 | D:4      | Reached skill level 4 in Transmutations
  4742 | D:5      | Entered Level 5 of the Dungeon
  5249 | D:5      | Reached XP level 7. HP: 31/50 MP: 8/10
  5541 | D:5      | Reached skill level 5 in Transmutations
  5747 | D:5      | Reached skill level 6 in Transmutations
  6833 | D:5      | Reached XP level 8. HP: 9/55 MP: 8/11
  6834 | D:5      | Gained mutation: You are dopey. (Int -2) [potion of
                  | mutation]
  6834 | D:5      | Gained mutation: You have a pair of small antennae on your
                  | head. [potion of mutation]
  6844 | D:5      | HP: 1/55 [something (2)]
  6845 | D:5      | Slain by an orc wizard

Illustrated notes

Levels and vault maps discovered:
D:1:      grunt_arrival_lava_bath, layout_basic, serial_corexii_hall,
          corexii_hall_statues_l, chequers_hall_statues_corner_a,
          chequers_hall_statues_wall_a, corexii_hall_statues_x
D:2:      wander_river, layout_loops_ring, basic_altar,
          kennysheep_generic_room_14
D:3:      layout_basic, uniq_grinder, uniq_robin, uniq_jessica
D:4:      layout_loops_ring, mainiacjoe_overflow_alcove_2, uniq_duvessa
D:5:      layout_basic

Skill      XL: |  1  2  3  4  5  6  7 |
---------------+----------------------+-----
Stealth        | 1 |  1.0
Fighting       | 2 3 4 5 |  5.0
Throwing       | 1 |  1.0
Poison Magic   | 1 |  1.0
Transmutations | 3 4 6 |  6.6
Ice Magic      | 1 |  1.8
Dodging        | |  2.0
Unarmed Combat | |  3.0
Spellcasting   | |  2.0
Evocations     | |  0.7

Action                   |  1- 3 |  4- 6 |  7- 9 || total
-------------------------+-------+-------+-------++-------
Melee: Unarmed           |    81 |    92 |    65 ||   238
       Constrict         |    25 |    28 |     4 ||    57
       Tentacles         |    18 |    26 |     1 ||    45
       Kick              |    23 |    50 |     6 ||    79
       Punch             |     2 |     6 |       ||     8
Throw: Dart              |       |     2 |       ||     2
 Cast: Beastly Appendage |    28 |    31 |     6 ||    65
       Wereblood         |       |     1 |       ||     1
       Spider Form       |       |       |     6 ||     6
Evoke: Wand              |       |     4 |     9 ||    13
  Use: Scroll            |     1 |       |       ||     1
       Potion            |       |       |     8 ||     8
 Stab: Sleeping          |     8 |     3 |       ||    11
Armor: Skin              |     6 |     3 |     6 ||    15
Dodge: Dodged            |    48 |    58 |    31 ||   137
